 Dungeon Crawl Stone Soup version 0.17-a0-1882-g750edc8 (webtiles) character file.

143 horredgrones the Shield-Bearer (level 5, -3/33 HPs)
             Began as an Octopode Transmuter on Sept 22, 2015.
             Slain by a worker ant (8 damage)
             ... on level 4 of the Dungeon.
             The game lasted 00:10:04 (3264 turns).

horredgrones the Shield-Bearer (OpTm)               Turns: 3264, Time: 00:10:04

Health: -3/33      AC:  1    Str: 10    XL:     5   Next: 25%
Magic:  6/8        EV: 18    Int: 15    God:
Gold:   132        SH:  5    Dex: 18    Spells: 3 memorised, 2 levels left

rFire  . . .     SeeInvis .       - Unarmed
rCold  . . .     Clarity  .     k - +0 buckler
rNeg   + . .     SustAt   .     (helmet restricted)
rPois  .         Gourm    .     (no amulet)
rElec  .         Spirit   .     i - ring of positive energy
rCorr  .         Warding  .     (no ring)
rMut   .         Stasis   .     (no ring)
MR     .....                    (no ring)
Stlth  ++++......               (no ring)
                                (no ring)
                                (no ring)
                                (no ring)

@: agile, appendage (expiring), not resistant to hostile enchantments, stealthy
A: almost no armour, amphibious, 8 rings, constrict 8, tentacle spike 3,
camouflage 1, gelatinous body 1
a: End Transformation


You were on level 4 of the Dungeon.
You were hungry.
One of your tentacles had a temporary spike.
You visited 1 branch of the dungeon, and saw 4 of its levels.

You collected 132 gold pieces.

Inventory:

Hand weapons
 j - a +0 antimagic short sword
 m - a +2 whip of electrocution
 q - a +2 dagger of venom
Missiles
 g - 15 arrows of frost
 h - 9 poisoned needles
Armour
 k - a +0 buckler (worn)
Jewellery
 i - a ring of positive energy (left tentacle)
Scrolls
 f - a scroll of teleportation {unknown}
 o - 2 scrolls of identify
 s - a scroll of magic mapping
 t - a scroll of remove curse
Potions
 e - 2 potions of curing {unknown}
 l - a potion of agility
 n - 2 potions of flight
 p - a potion of degeneration {unknown}
 r - a potion of ambrosia {unknown}
Books
 b - a book of Changes

   Spells                             Type                      Level
   a - Beastly Appendage              Transmutation                1
   b - Sticks to Snakes               Transmutation                2
   c - Spider Form                    Transmutation/Poison         3
   d - Ice Form                       Ice/Transmutation            4
   e - Blade Hands                    Transmutation                5
Comestibles
 c - 2 bread rations
 d - 2 beef jerkies
 u - a chunk of flesh


   Skills:
 - Level 1.0 Fighting
 - Level 2.4 Dodging
 * Level 4.0 Shields
 - Level 3.6 Unarmed Combat
 - Level 2.0 Spellcasting
 - Level 2.0 Transmutations


You had 2 spell levels left.
You knew the following spells:

 Your Spells              Type           Power        Failure   Level  Hunger
a - Beastly Appendage     Trmt           #.....       12%         1    #......
b - Sticks to Snakes      Trmt           #.........   14%         2    ###....
c - Spider Form           Trmt/Pois      #.........   43%         3    ###....


Dungeon Overview and Level Annotations

Branches:
Dungeon (4/15)
 Temple: D:4-7

Altars:
Elyvilon
Trog


Innate Abilities, Weirdness & Mutations

You cannot wear most types of armour.
You are amphibious.
You can wear up to eight rings at the same time.
You can use your tentacles to constrict eight enemies at once.
Your skin changes colour to match your surroundings (Stealth).
Your rubbery body absorbs attacks (AC +1).
One of your tentacles bears a large vicious spike.


Message History

Your ball python constricts the worker ant.
You tentacle-slap the worker ant.
You pierce the worker ant, but do no damage.
You squeeze the worker ant.
The worker ant is heavily wounded.
Your transformation is almost over.
The worker ant misses you.
Your ball python bites the worker ant but does no damage.
Your ball python constricts the worker ant.
You barely miss the worker ant.
You pierce the worker ant, but do no damage.
The worker ant is heavily wounded.
The worker ant misses you.
Your ball python bites the worker ant.
Your ball python constricts the worker ant.
You tentacle-slap the worker ant.
You pierce the worker ant, but do no damage.
Your squeeze misses the worker ant.
The worker ant is severely wounded.
The worker ant bites you!
You die...

...............#................#
.............................#...
...............#....#........#.##
.............................# #
...............#.........#...#
...>.......)..................
......#########..........#...#.
###.#.# #a...............## #.#.#
#######S@..###.(.#.......
#.#.###.................. ..
#.......#####)..####..##. #.##
#...............))....... ....
##......##.#########...## #.##
#................ ... ...
#..######.######. . ..#
#................
#...#####.####.#.


You could see a worker ant and a friendly ball python.

Vanquished Creatures
  An adder (D:2)
  4 gnolls (D:4)
  4 worms (D:2)
  4 giant geckos
  An orc (D:3)
  3 giant cockroaches
  10 hobgoblins
  A ball python (D:3)
  7 bats
  A giant newt (D:3)
  13 goblins
  7 kobolds
  6 rats
62 creatures vanquished.

Vanquished Creatures (collateral kills)
  Terence (D:3)
  A giant newt (D:2)
2 creatures vanquished.

Vanquished Creatures (others)
  An ooze (D:2)
1 creature vanquished.

Grand Total: 65 creatures vanquished

Notes
Turn   | Place    | Note
--------------------------------------------------------------
     0 | D:1      | horredgrones the Octopode Transmuter began the quest for the Orb.
     0 | D:1      | Reached XP level 1. HP: 13/13 MP: 3/3
   375 | D:1      | Reached XP level 2. HP: 15/18 MP: 5/5
  1194 | D:2      | Reached XP level 3. HP: 21/23 MP: 6/6
  1201 | D:2      | Learned a level 2 spell: Sticks to Snakes
  1214 | D:2      | Reached skill level 1 in Shields
  1272 | D:2      | Found a bloodstained altar of Trog.
  1723 | D:2      | Found a white marble altar of Elyvilon.
  1874 | D:2      | Reached XP level 4. HP: 28/28 MP: 1/7
  2227 | D:2      | Learned a level 3 spell: Spider Form
  2425 | D:3      | Noticed Terence
  2440 | D:3      | Killed Terence
  3115 | D:4      | Reached XP level 5. HP: 20/33 MP: 2/8
  3184 | D:4      | Reached skill level 4 in Shields
  3264 | D:4      | Slain by a worker ant

Vault maps used:
D:1:      dpeg_arrival_three_smaller_balls
D:2:      elyvilon_altar_4, minmay_misc_feat_cross, small_statue_intersection,
          trog_three_pillars_becter
D:3:      uniq_terence
D:4:      serial_shops, nicolae_shop_stone, st_stairs_13

Action                   |  1- 3 |  4- 6 || total
-------------------------+-------+-------++-------
Melee: Unarmed           |    75 |    74 ||   149
 Cast: Sticks to Snakes  |     4 |     8 ||    12
       Beastly Appendage |     1 |     6 ||     7
  Use: Scroll            |     1 |     4 ||     5
       Potion            |       |     1 ||     1
 Stab: Sleeping          |     8 |     5 ||    13
       Distracted        |     1 |       ||     1
  Eat: Chunk             |     3 |     5 ||     8
